 Dungeon Crawl Stone Soup version 0.21.1-1-g345015f (webtiles) character file.

911 tidbits the Grave Robber (level 8, 9/57 HPs)
             Began as a Gnoll Necromancer on June 29, 2018.
             Was a Follower of Cheibriados.
             Quit the game on level 8 of the Dungeon.
             The game lasted 00:12:42 (1250 turns).

tidbits the Grave Robber (Gnoll Necromancer)        Turns: 1250, Time: 00:12:43

Health: 9/57       AC:  3    Str: 13    XL:     8   Next: 8%
Magic:  3/5        EV: 15    Int: 26    God:    Cheibriados [*.....]
Gold:   64         SH:  0    Dex: 20    Spells: 5/18 levels left

rFire    . . .     SeeInvis .   o - +7 lajatang "Jizaf" {antimagic, Int+4 Stlth+}
rCold    . . .     Gourm    .   (shield currently unavailable)
rNeg     . . .     Faith    .   a - +0 robe
rPois    .         Spirit   .   E - +0 helmet (curse)
rElec    .         Reflect  .   (no cloak)
rCorr    .         Harm     .   (no gloves)
MR       .....                  (no boots)
Stlth    ++........             (no amulet)
HPRegen  1.19/turn              i - +3 ring of slaying
MPRegen  0.09/turn              (no ring)

@: confused, regenerating (expiring), drained, very slow
A: distributed training, fangs 1, strong nose
a: Bend Time, Renounce Religion


You were on level 8 of the Dungeon.
You worshipped Cheibriados.
Cheibriados was aware of your devotion.
You were hungry.

You visited 2 branches of the dungeon, and saw 10 of its levels.

You collected 64 gold pieces.

Inventory:

Hand Weapons
 b - a +0 long sword
 e - a +0 war axe
 h - a +1 dagger of venom
   (You found it on level 2 of the Dungeon)
 o - the +7 lajatang "Jizaf" (weapon) {antimagic, Int+4 Stlth+}
   (You found it on level 8 of the Dungeon)

   It reduces the magical energy of the wielder, and disrupts the spells and
   magical abilities of those hit.
   Natural abilities and divine invocations are not affected.
   It affects your intelligence (+4).
   It makes you more stealthy.
 q - a cursed +0 scimitar
Missiles
 n - 32 arrows
Armour
 a - a +0 robe (worn)
 E - a cursed +0 helmet (worn)
Jewellery
 i - a +3 ring of slaying (left hand)
   (You found it on level 2 of the Dungeon)
Wands
 d - a wand of enslavement (3)
 p - a wand of iceblast (10)
Scrolls
 f - a scroll of teleportation
 j - a scroll of noise
 k - 3 scrolls of remove curse
 l - a scroll of random uselessness
 m - a scroll of fear {unknown}
Books
 g - a book of Necromancy

   Spells                             Type                      Level
   a - Pain                           Necromancy                   1
   b - Animate Skeleton               Necromancy                   1
   c - Vampiric Draining              Necromancy                   3
   d - Regeneration                   Charms/Necromancy            3
   e - Animate Dead                   Necromancy                   4
   f - Borgnjor's Vile Clutch         Necromancy/Earth             5
Comestibles
 c - 2 rations


   Skills:
 + Level 2.9(2.1) Fighting
 + Level 2.9(2.1) Short Blades
 + Level 2.9(2.1) Long Blades
 + Level 2.9(2.1) Axes
 + Level 2.9(2.1) Maces & Flails
 + Level 2.9(2.1) Polearms
 + Level 2.9(2.1) Staves
 + Level 2.9(2.1) Slings
 + Level 2.9(2.1) Bows
 + Level 2.9(2.1) Crossbows
 + Level 2.9(2.1) Throwing
 + Level 2.9(2.1) Armour
 + Level 5.4(4.6) Dodging
 + Level 5.1(4.3) Stealth
 + Level 2.9(2.1) Shields
 + Level 2.9(2.1) Unarmed Combat
 + Level 5.8(5.0) Spellcasting
 + Level 2.3(1.6) Conjurations
 + Level 2.3(1.6) Hexes
 + Level 2.3(1.6) Charms
 + Level 2.3(1.6) Summonings
 + Level 7.5(6.6) Necromancy
 + Level 2.3(1.6) Translocations
 + Level 2.3(1.6) Transmutations
 + Level 2.3(1.6) Fire Magic
 + Level 2.3(1.6) Ice Magic
 + Level 2.3(1.6) Air Magic
 + Level 2.3(1.6) Earth Magic
 + Level 2.3(1.6) Poison Magic
 + Level 3.2(2.4) Invocations
 + Level 2.9(2.1) Evocations


You had 5 spell levels left.
You knew the following spells:

 Your Spells              Type           Power        Failure   Level  Hunger
a - Pain                  Necr           ####         1%          1    None
d - Vampiric Draining     Necr           #####.....   1%          3    #......
n - Animate Skeleton      Necr           N/A          1%          1    None
r - Regeneration          Chrm/Necr      ####......   4%          3    #......
v - Borgnjor's Vile Clut  Necr/Erth      ####......   36%         5    #####..


Dungeon Overview and Level Annotations

Branches:
Dungeon (9/15)             Temple (1/1) D:4
   Lair: D:8-11         Orc: D:9-12

Altars:
Ashenzari
Cheibriados
Fedhas
Makhleb
Nemelex Xobeh
Okawaru
Sif Muna
Trog
Zin

Annotations:
D:3 tidbits's ghost, weakling GnNe
D:8 Erica


Innate Abilities, Weirdness & Mutations

Your experience applies equally to all skills.
You have very sharp teeth.
Your uncanny sense of smell can sniff out nearby items.


Message History

t - Bark!
Orders for allies: a - Attack new target. p - Attack previous target. r - Retreat! s - Stop attacking. g - Guard the area. f - Follow me.
Anything else - Cancel.
Gang up on whom?
Press: ? - help, Dir - move target cursor, f - wight, p - wight
Aim: a wight, wielding an enchanted battleaxe and wearing a robe Attack!
A wight comes into view. It is wielding an enchanted hand axe.
Your wight hits the wight with a falchion.
Things that are here:
a scimitar; a robe
q - a scimitar Your wight hits the wight with a falchion.
The wight hits your wight but does no damage.
The wight hits your wight with an enchanted battleaxe.
Casting: Pain
Confirm with . or Enter, or press ? or * to list all spells.
Your skin crawls.
You are feeling hungry.
Your wight hits the wight with a falchion!
Your wight closely misses the wight.
Unknown command.
Your wight barely misses the wight. x2
The wight hits you with an enchanted battleaxe!
* * * LOW HITPOINT WARNING * * *
You feel drained.
* * * LOW HITPOINT WARNING * * *
The wight barely misses your wight.
The wight hits your wight but does no damage.
You slash the wight!
You destroy the wight!
Cheibriados appreciates the change of pace.
What are your orders? t - Bark!
Orders for allies: a - Attack new target. r - Retreat! s - Stop attacking. g - Guard the area. f - Follow me.
Anything else - Cancel.
Gang up on whom?
Press: ? - help, Dir - move target cursor, f - wight
Aim: a wight, wielding an enchanted hand axe and wearing a robe (resting) Attack!
Erica the Fiery-Tempered comes into view.
She is wielding a scimitar of flaming.
Things that are here:
an enchanted battleaxe; a robe Unknown command.
Unknown command.
Unknown command.
Evoke which item? (* to show all) (? for menu, Esc to quit)
Aiming: Iceblast
Press: ? - help, Shift-Dir - straight line, p - wight The mass of ice explodes!
The iceblast engulfs Erica.
Erica is moderately wounded.
Your wight hits the wight with an enchanted great sword!
An ice beast comes into view.
Evoke which item? (* to show all) (? for menu, Esc to quit)
Aiming: Iceblast
Press: ? - help, Shift-Dir - straight line, f - Erica
Aim: Erica, wielding a scimitar of flaming and wearing a robe (moderately wounded)
The mass of ice explodes!
The iceblast engulfs Erica.
Erica is heavily wounded.
The wight hits your wight with an enchanted hand axe.
The wight hits your wight but does no damage.
Your wight hits the wight with a falchion.
Unknown command.
Evoke which item? (* to show all) (? for menu, Esc to quit)
Aiming: Iceblast
Press: ? - help, Shift-Dir - straight line, f/p - Erica
Aim: Erica, wielding a scimitar of flaming and wearing a robe (heavily wounded)
The mass of ice explodes!
The iceblast engulfs Erica.
Erica is severely wounded.
The wyvern hisses angrily.
Erica gestures at you while chanting.
You are confused.
Your wight hits the wight with an enchanted great sword!
The wight is destroyed!
Cheibriados appreciates the change of pace.
The wyvern hisses menacingly.
A jelly comes into view.
You aren't carrying any potions.
Unknown command.
Unknown command.
Unknown command.
Unknown command.
Your skin is crawling a little less now.
The wight is no longer charmed.
The ice beast hits you. The ice beast freezes you.
* * * LOW HITPOINT WARNING * * *
Your wight barely misses Erica.
Things that are here:
an enchanted battleaxe; a robe Unknown command.
Erica points at you and mumbles some strange words.
The orb of energy hits you!
* * * LOW HITPOINT WARNING * * *
Your wight hits Erica with a falchion. The wyvern bites your wight.
An adder comes into view.
Are you sure you want to abandon this character and quit the game? (Confirm with "yes".)

#.........# #.........#
#.....J.).# # #.........#
# #.........# #
#........z###.. .......
#......z.@l...........##
...#....).(####........ #
.......[Y@####.... l.. #
.....#.#.......>..... #
.... #.....###.#..... #
.....#.#...##......... #
.........†..#........ #
..........###......... #
......#......#.........
...S#......#...........##
....#.#.#.....#.......#..


You could see Erica, a wyvern, an ice beast, a jelly, a wight, an adder
(wandering) and a friendly wight.

Vanquished Creatures
  A hippogriff (D:8)
  Duvessa (D:4)
  An orc warrior (D:7)
  An ogre (D:4)
  A centaur (D:8)
  Dowan (D:4)
  A scorpion (D:4)
  A wight (D:8)
  2 crimson imps (D:8)
  A jelly (D:7)
  An orc wizard (D:7)
  5 adders
  A worm (D:2)
  A dart slug (D:2)
  A leopard gecko (D:4)
  6 orcs
  A bat (D:2)
  2 giant cockroaches (D:2)
  A goblin (D:2)
  2 hobgoblins (D:2)
  3 jackals (D:8)
  2 kobolds
  3 quokkas
  2 frilled lizards
  A rat (D:2)
43 creatures vanquished.

Vanquished Creatures (collateral kills)
  2 wights (D:8)
2 creatures vanquished.

Grand Total: 45 creatures vanquished

Notes
Turn   | Place    | Note
-------+----------+-------------------------------------------
     0 | D:1      | tidbits the Gnoll Necromancer began the quest for the Orb.
     0 | D:1      | Reached XP level 1. HP: 13/13 MP: 6/6
   139 | D:2      | Reached XP level 2. HP: 15/19 MP: 7/7
   142 | D:2      | Learned a level 1 spell: Animate Skeleton
   154 | D:3      | Noticed tidbits's ghost (weakling GnNe)
   324 | D:2      | Reached skill level 5 in Spellcasting
   324 | D:2      | Reached XP level 3. HP: 23/25 MP: 7/9
   329 | D:2      | Learned a level 3 spell: Vampiric Draining
   333 | D:2      | Learned a level 3 spell: Regeneration
   427 | D:3      | Reached skill level 1 in Invocations
   473 | D:3      | Reached skill level 1 in Fighting
   473 | D:3      | Reached skill level 1 in Short Blades
   473 | D:3      | Reached skill level 1 in Long Blades
   473 | D:3      | Reached skill level 1 in Axes
   473 | D:3      | Reached skill level 1 in Maces & Flails
   473 | D:3      | Reached skill level 1 in Polearms
   473 | D:3      | Reached skill level 1 in Staves
   473 | D:3      | Reached skill level 1 in Slings
   473 | D:3      | Reached skill level 1 in Bows
   473 | D:3      | Reached skill level 1 in Crossbows
   473 | D:3      | Reached skill level 1 in Throwing
   473 | D:3      | Reached skill level 1 in Armour
   473 | D:3      | Reached skill level 1 in Shields
   473 | D:3      | Reached skill level 1 in Unarmed Combat
   473 | D:3      | Reached skill level 1 in Evocations
   492 | D:4      | Found a staircase to the Ecumenical Temple.
   502 | Temple   | Entered the Ecumenical Temple
   524 | Temple   | Became a worshipper of Cheibriados the Contemplative
   568 | D:4      | Noticed an ogre
   574 | D:4      | Killed an ogre
   574 | D:4      | Reached skill level 1 in Conjurations
   574 | D:4      | Reached skill level 1 in Hexes
   574 | D:4      | Reached skill level 1 in Charms
   574 | D:4      | Reached skill level 1 in Summonings
   574 | D:4      | Reached skill level 1 in Translocations
   574 | D:4      | Reached skill level 1 in Transmutations
   574 | D:4      | Reached skill level 1 in Fire Magic
   574 | D:4      | Reached skill level 1 in Ice Magic
   574 | D:4      | Reached skill level 1 in Air Magic
   574 | D:4      | Reached skill level 1 in Earth Magic
   574 | D:4      | Reached skill level 1 in Poison Magic
   574 | D:4      | Reached XP level 4. HP: 32/32 MP: 9/11
   574 | D:4      | Reached XP level 5. HP: 37/37 MP: 9/12
   582 | D:4      | Learned a level 5 spell: Borgnjor's Vile Clutch
   584 | D:4      | Noticed Duvessa
   594 | D:4      | Killed Duvessa
   594 | D:4      | Reached skill level 2 in Invocations
   594 | D:4      | Reached XP level 6. HP: 18/44 MP: 5/13
   602 | D:4      | Noticed Dowan
   610 | D:4      | Killed Dowan
   612 | D:4      | Reached skill level 2 in Fighting
   612 | D:4      | Reached skill level 2 in Short Blades
   612 | D:4      | Reached skill level 2 in Long Blades
   612 | D:4      | Reached skill level 2 in Axes
   612 | D:4      | Reached skill level 2 in Maces & Flails
   612 | D:4      | Reached skill level 2 in Polearms
   612 | D:4      | Reached skill level 2 in Staves
   612 | D:4      | Reached skill level 2 in Slings
   612 | D:4      | Reached skill level 2 in Bows
   612 | D:4      | Reached skill level 2 in Crossbows
   612 | D:4      | Reached skill level 2 in Throwing
   612 | D:4      | Reached skill level 2 in Armour
   612 | D:4      | Reached skill level 5 in Dodging
   612 | D:4      | Reached skill level 2 in Shields
   612 | D:4      | Reached skill level 2 in Unarmed Combat
   612 | D:4      | Reached skill level 2 in Evocations
   617 | D:4      | HP: 4/44 [poisoned by a scorpion]
   763 | D:5      | Entered Level 5 of the Dungeon
   846 | D:6      | Found a glowing silver altar of Zin.
   846 | D:6      | Found a deep blue altar of Sif Muna.
   871 | D:7      | Noticed an orc warrior
   877 | D:7      | Reached * piety under Cheibriados
   880 | D:7      | Killed an orc warrior
   880 | D:7      | Reached XP level 7. HP: 16/50 MP: 9/15
  1003 | D:8      | Reached skill level 2 in Conjurations
  1003 | D:8      | Reached skill level 2 in Hexes
  1003 | D:8      | Reached skill level 2 in Charms
  1003 | D:8      | Reached skill level 2 in Summonings
  1003 | D:8      | Reached skill level 2 in Translocations
  1003 | D:8      | Reached skill level 2 in Transmutations
  1003 | D:8      | Reached skill level 2 in Fire Magic
  1003 | D:8      | Reached skill level 2 in Ice Magic
  1003 | D:8      | Reached skill level 2 in Air Magic
  1003 | D:8      | Reached skill level 2 in Earth Magic
  1003 | D:8      | Reached skill level 2 in Poison Magic
  1100 | D:8      | Noticed a wyvern
  1140 | D:8      | Got a brightly glowing lajatang
  1141 | D:8      | Identified the +7 lajatang "Jizaf" {antimagic, Int+4 Stlth+} (You found it on level 8 of the Dungeon)
  1167 | D:8      | Found a blossoming altar of Fedhas.
  1167 | D:8      | Found a shattered altar of Ashenzari.
  1214 | D:8      | Noticed a hippogriff
  1222 | D:8      | Killed a hippogriff
  1222 | D:8      | Reached skill level 5 in Stealth
  1222 | D:8      | Reached skill level 3 in Invocations
  1222 | D:8      | Reached XP level 8. HP: 57/57 MP: 16/16
  1243 | D:8      | Noticed Erica
  1250 | D:8      | Quit the game

Skill      XL: |  1  2  3  4  5  6  7 |
---------------+----------------------+-----
Spellcasting   | 5 |  5.8
Invocations    | 1 2 3 |  3.2
Fighting       | 1 2 |  2.9
Short Blades   | 1 2 |  2.9
Long Blades    | 1 2 |  2.9
Axes           | 1 2 |  2.9
Maces & Flails | 1 2 |  2.9
Polearms       | 1 2 |  2.9
Staves         | 1 2 |  2.9
Slings         | 1 2 |  2.9
Bows           | 1 2 |  2.9
Crossbows      | 1 2 |  2.9
Throwing       | 1 2 |  2.9
Armour         | 1 2 |  2.9
Shields        | 1 2 |  2.9
Unarmed Combat | 1 2 |  2.9
Evocations     | 1 2 |  2.9
Conjurations   | 1 2 |  2.3
Hexes          | 1 2 |  2.3
Charms         | 1 2 |  2.3
Summonings     | 1 2 |  2.3
Translocations | 1 2 |  2.3
Transmutations | 1 2 |  2.3
Fire Magic     | 1 2 |  2.3
Ice Magic      | 1 2 |  2.3
Air Magic      | 1 2 |  2.3
Earth Magic    | 1 2 |  2.3
Poison Magic   | 1 2 |  2.3
Dodging        | 5 |  5.4
Stealth        | 5 |  5.1
Necromancy     | |  7.5

Action                   |  1- 3 |  4- 6 |  7- 9 || total
-------------------------+-------+-------+-------++-------
Melee: Dagger            |    26 |    25 |     3 ||    54
       Bite              |     2 |     2 |     1 ||     5
       Long sword        |       |       |     6 ||     6
       Lajatang          |       |       |     6 ||     6
 Cast: Pain              |    14 |     7 |     8 ||    29
       Regeneration      |       |     3 |     4 ||     7
       Vampiric Draining |       |     1 |     2 ||     3
       Borgnjor's Vile C |       |     1 |       ||     1
       Animate Skeleton  |       |       |     2 ||     2
Evoke: Wand              |       |       |     7 ||     7
  Use: Scroll            |       |     4 |       ||     4
       Potion            |       |     3 |       ||     3
 Stab: Sleeping          |     6 |       |     2 ||     8
  Eat: Chunk             |       |       |     1 ||     1
Armor: Robe              |     1 |     2 |     2 ||     5
Dodge: Dodged            |    18 |    20 |    23 ||    61
       Rpst.: Long sword |       |       |     3 ||     3

Table legend:
 A = Turns spent in this place as a percentage of turns spent in the entire game.
 B = Non-inter-level travel turns spent in this place as a percentage of non-inter-level travel turns spent in the entire game.
 C = Inter-level travel turns spent in this place as a percentage of turns spent in this place.
 D = Turns resting spent in this place as a percentage of non-inter-level travel turns spent in this place.
 E = Turns spent auto-exploring this place as a percentage of non-inter-level travel turns spent in this place.
 F = Non-inter-level travel turns spent in this place divided by the number of levels of this place that you've seen.
                   A       B       C       D       E      F
               +-------+-------+-------+-------+-------+----------------------
         Total | 100.0 | 100.0 |   1.7 |   0.0 |   0.0 | 122.9
       Dungeon |  96.4 |  98.0 |   0.0 |   0.0 |   0.0 | 133.9
        Temple |   3.6 |   2.0 |  46.7 |   0.0 |   0.0 |  24.0
               +-------+-------+-------+-------+-------+----------------------

Table legend:
 A = Kills in this place as a percentage of kills in entire the game.
 B = Kills by you in this place as a percentage of kills by you in the entire game.
 C = Kills by friends in this place as a percentage of kills by friends in the entire game.
 D = Other kills in this place as a percentage of other kills in the entire game.
 E = Experience gained in this place as a percentage of experience gained in the entire game.
 F = Experience gained in this place divided by the number of levels of this place that you have seen.
                   A       B       C       D       E      F
               +-------+-------+-------+-------+-------+----------------------
         Total | 100.0 | 100.0 | 100.0 |   N/A | 100.0 | 130.2
       Dungeon | 100.0 | 100.0 | 100.0 |   N/A | 100.0 | 144.7
               +-------+-------+-------+-------+-------+----------------------

Vault maps used:
D:1:      tarquinn_simple_flora_water_b
D:2:      grunt_gozag_breadcrumbs
D:3:      uniq_robin
D:4:      minmay_door_path, minmay_temple_entry_large_hall,
          grunt_decor_resistance, chequers_big_river, uniq_menkaure,
          uniq_duvessa, uniq_edmund
D:5:      kiku_gazebo_garden_becter, first_ration
D:6:      nicolae_dithmenos_through_a_glass_darkly,
          gammafunk_temple_overflow_wave, corexii_leaking_fountain,
          minmay_misc_feat_chi
D:7:      serial_shops, nicolae_shop_temple_entry_statues_fountains
D:8:      elyvilon_altar_1, gammafunk_temple_overflow_elements, uniq_erica
Temple:   regret_index_temple_waves
